MWL (24 & UNDER)
LITTLE ROCK LEMMIWINKS @ MANHATTEN MEATHEADS
08/19/2028
 
TOP OF THE 1ST
Little Rock Lemmiwinks batting - Pitching for Manhatten Meatheads : RHP Daniel Carter
Pitching: RHP Daniel Carter
Batting: RHB Bill Bourland 0-0: Called Strike
0-1: Ball
1-1: SINGLE (Line Drive, 89S)
Batting: LHB Horace Kramer 0-0: Ball
1-0: SINGLE (Groundball, 56) (infield hit)
Bill Bourland to second
Batting: RHB Jaime Hernández 0-0: Called Strike
0-1: Ground out 5-3 (Groundball, 56S)
Bill Bourland to third
Horace Kramer to second
Batting: RHB John Robertson 0-0: Ball
1-0: Fly out, F8 (Flyball, 8LS)
Batting: RHB Roberto Valdéz 0-0: Ball
1-0: Swinging Strike
1-1: Ball
2-1: Foul Ball, location: 2F
2-2: Fly out, F8 (Flyball, 8LM)
Top of the 1st over - 0 run(s), 2 hit(s), 0 error(s), 2 left on base; Little Rock 0 - Manhatten 0
BOTTOM OF THE 1ST
Manhatten Meatheads batting - Pitching for Little Rock Lemmiwinks : RHP Alejandro Hernández
Pitching: RHP Alejandro Hernández
Batting: RHB Luis Reynoso 0-0: Ball
1-0: Called Strike
1-1: Fly out, F6 (Line Drive, 6M)
Batting: LHB Manuel Ortega 0-0: DOUBLE (Line Drive, 9LS)
Batting: LHB Hidalgo García 0-0: Ball
Manuel Ortega steals 3rd base
1-0: Ball
2-0: Swinging Strike
2-1: Ground out 4-3 (Groundball, 4)
Manuel Ortega scores
Batting: RHB George Green 0-0: Ball
1-0: Ball
2-0: Foul Ball, location: 2F
2-1: Foul Ball, location: 2F
2-2: Strikes out swinging
Bottom of the 1st over - 1 run(s), 1 hit(s), 0 error(s), 0 left on base; Little Rock 0 - Manhatten 1
TOP OF THE 2ND
Little Rock Lemmiwinks batting - Pitching for Manhatten Meatheads : RHP Daniel Carter
Batting: RHB Ánibal Soto 0-0: Reached on error, E6 (Groundball, 6)
Batting: LHB Pablo Alvarado 0-0: Called Strike
0-1: SINGLE (Groundball, 4MD)
Ánibal Soto to second
Runner from 2nd tries for 3rd, SAFE, no throw
Batting: RHB Álex Martínez 0-0: Called Strike
0-1: Ground out 4-3 (Groundball, 4S)
Ánibal Soto scores
Pablo Alvarado to second
Batting: LHB Francisco Gonzáles 0-0: Ball
1-0: Called Strike
1-1: Ball
2-1: Foul Ball, location: 2F
2-2: Foul Ball, location: 2F
2-2: SINGLE (Line Drive, 56)
Pablo Alvarado to third
Runner from 3rd tries for Home, SAFE, throw made home
Francisco Gonzáles to second
Batting: RHB Bill Bourland 0-0: Ball
1-0: Ball
2-0: SINGLE (Groundball, 34D)
Francisco Gonzáles to third
Runner from 3rd tries for Home, throw and OUT!
Bill Bourland to second
Batting: LHB Horace Kramer 0-0: Ball
1-0: Called Strike
1-1: Foul Ball, location: 2F
1-2: Foul Ball, location: 2F
1-2: Foul Ball, location: 2F
1-2: Reached via error on a dropped throw, E3
Bill Bourland to third
Batting: RHB Jaime Hernández 0-0: Ball
1-0: Called Strike
1-1: Foul Ball, location: 2F
1-2: Ball
2-2: Strikes out swinging
Top of the 2nd over - 2 run(s), 3 hit(s), 2 error(s), 2 left on base; Little Rock 2 - Manhatten 1
BOTTOM OF THE 2ND
Manhatten Meatheads batting - Pitching for Little Rock Lemmiwinks : RHP Alejandro Hernández
Batting: LHB Brent Haynes 0-0: Ball
1-0: SINGLE (Line Drive, 34D)
Batting: RHB José Esparza 0-0: Ball
1-0: Hit by Pitch
Brent Haynes to second
Batting: LHB Eric Dillard 0-0: Called Strike
0-1: Ball
1-1: SINGLE (Groundball, 5) (infield hit)
Brent Haynes to third
José Esparza to second
Batting: RHB Tim Bonner 0-0: Ball
1-0: Ball
2-0: Ball
3-0: Base on Balls
Brent Haynes scores
José Esparza to third
Eric Dillard to second
Batting: SHB León Glaviz 0-0: Swinging Strike
0-1: Fielders Choice at 2nd, 3-6 (Groundball, 34)
José Esparza scores
Eric Dillard to third
Batting: RHB Luis Reynoso 0-0: Called Strike
0-1: Ball
1-1: Fly out, F8 (Flyball, 8RM)
Runner from 3rd tags up, SCORES, no throw
Batting: LHB Manuel Ortega 0-0: Called Strike
0-1: Ball
1-1: Fielders Choice at 2nd, 6-4 (Groundball, 6)
Bottom of the 2nd over - 3 run(s), 2 hit(s), 0 error(s), 0 left on base; Little Rock 2 - Manhatten 4
TOP OF THE 3RD
Little Rock Lemmiwinks batting - Pitching for Manhatten Meatheads : RHP Daniel Carter
Batting: RHB John Robertson 0-0: Ball
1-0: Ball
2-0: Foul Ball, location: 2F
2-1: Ball
3-1: Fly out, F9 (Flyball, 9LD)
Batting: RHB Roberto Valdéz 0-0: DOUBLE (Groundball, 5L)
Batting: RHB Ánibal Soto 0-0: Ball
1-0: SINGLE (Groundball, 56D)
Roberto Valdéz to third
Batting: LHB Pablo Alvarado 0-0: Ground out 3-1 (Groundball, 34)
Ánibal Soto to second
Batting: RHB Álex Martínez 0-0: Called Strike
0-1: Ball
1-1: Foul Ball, location: 2F
1-2: Foul Ball, location: 2F
1-2: Ball
2-2: Reached on error, E5 (Groundball, 56S)
Roberto Valdéz scores
Ánibal Soto to third
Batting: LHB Francisco Gonzáles 0-0: Swinging Strike
0-1: 3-RUN HOME RUN (Flyball, 8LXD), Distance : 420 ft
Batting: RHB Bill Bourland 0-0: Swinging Strike
0-1: Fly out, F2 (Popup, 25)
Top of the 3rd over - 4 run(s), 3 hit(s), 1 error(s), 0 left on base; Little Rock 6 - Manhatten 4
BOTTOM OF THE 3RD
Manhatten Meatheads batting - Pitching for Little Rock Lemmiwinks : RHP Alejandro Hernández
Batting: LHB Hidalgo García 0-0: Ground out 4-3 (Groundball, 4D)
Batting: RHB George Green 0-0: Foul Ball, location: 2F
0-1: DOUBLE (Flyball, 8RXD)
Batting: LHB Brent Haynes 0-0: Called Strike
0-1: Fly out, F7 (Flyball, 7S)
Batting: RHB José Esparza 0-0: Ball
1-0: Foul Ball, location: 2F
1-1: Called Strike
1-2: Strikes out swinging
Bottom of the 3rd over - 0 run(s), 1 hit(s), 0 error(s), 1 left on base; Little Rock 6 - Manhatten 4
TOP OF THE 4TH
Little Rock Lemmiwinks batting - Pitching for Manhatten Meatheads : RHP Daniel Carter
Pitching: LHP Bernard Zuccarello
Batting: LHB Horace Kramer 0-0: Foul Ball, location: 2F
0-1: Foul Ball, location: 2F
0-2: Foul Ball, location: 2F
0-2: Ball
1-2: Foul Ball, location: 2F
1-2: Strikes out looking
Batting: RHB Jaime Hernández 0-0: Called Strike
0-1: Ball
1-1: Foul Ball, location: 2F
1-2: Foul Ball, location: 2F
1-2: Strikes out looking
Batting: RHB John Robertson 0-0: Ball
1-0: Called Strike
1-1: Ball
2-1: Fly out, F5 (Popup, 5)
Top of the 4th over - 0 run(s), 0 hit(s), 0 error(s), 0 left on base; Little Rock 6 - Manhatten 4
BOTTOM OF THE 4TH
Manhatten Meatheads batting - Pitching for Little Rock Lemmiwinks : RHP Alejandro Hernández
Batting: LHB Eric Dillard 0-0: Called Strike
0-1: SOLO HOME RUN (Flyball, 89XD), Distance : 382 ft
Batting: RHB Tim Bonner 0-0: Called Strike
0-1: Ball
1-1: Ball
2-1: Fly out, F4 (Popup, 34D)
Batting: SHB León Glaviz 0-0: Ball
1-0: Swinging Strike
1-1: Swinging Strike
1-2: Ball
2-2: Strikes out swinging
Batting: RHB Luis Reynoso 0-0: Ground out 1-3 (Groundball, 15S)
Bottom of the 4th over - 1 run(s), 1 hit(s), 0 error(s), 0 left on base; Little Rock 6 - Manhatten 5
TOP OF THE 5TH
Little Rock Lemmiwinks batting - Pitching for Manhatten Meatheads : LHP Bernard Zuccarello
Batting: RHB Roberto Valdéz 0-0: Fly out, F7 (Flyball, 7)
Batting: RHB Ánibal Soto 0-0: Foul Ball, location: 2F
0-1: Fly out, F8 (Flyball, 8RM)
Batting: LHB Pablo Alvarado 0-0: Called Strike
0-1: Foul Ball, location: 2F
0-2: Ground out 3-1 (Groundball, 34)
Top of the 5th over - 0 run(s), 0 hit(s), 0 error(s), 0 left on base; Little Rock 6 - Manhatten 5
BOTTOM OF THE 5TH
Manhatten Meatheads batting - Pitching for Little Rock Lemmiwinks : RHP Alejandro Hernández
Pitching: LHP Alfonso Viera
Batting: LHB Manuel Ortega 0-0: Foul Ball, location: 2F
0-1: Ball
1-1: Called Strike
1-2: Ball
2-2: Strikes out swinging
Batting: LHB Hidalgo García 0-0: Ball
1-0: Swinging Strike
1-1: Ball
2-1: Ball
3-1: DOUBLE (Line Drive, 9LS)
Batting: RHB George Green 0-0: Ball
1-0: DOUBLE (Line Drive, 78D)
Hidalgo García scores
Batting: LHB Brent Haynes 0-0: Ball
1-0: Ball
2-0: Foul Ball, location: 2F
2-1: Swinging Strike
2-2: Strikes out swinging
Batting: RHB José Esparza 0-0: Called Strike
0-1: Called Strike
0-2: Ball
1-2: Fly out, F9 (Line Drive, 9)
Bottom of the 5th over - 1 run(s), 2 hit(s), 0 error(s), 1 left on base; Little Rock 6 - Manhatten 6
TOP OF THE 6TH
Little Rock Lemmiwinks batting - Pitching for Manhatten Meatheads : LHP Bernard Zuccarello
Batting: RHB Álex Martínez 0-0: SOLO HOME RUN (Flyball, 7D), Distance : 389 ft
Batting: LHB Francisco Gonzáles 0-0: Foul Ball, location: 2F
0-1: Ball
1-1: Fly out, F3 (Line Drive, 34)
Batting: RHB Bill Bourland 0-0: Called Strike
0-1: Swinging Strike
0-2: Strikes out swinging
Batting: LHB Horace Kramer 0-0: Called Strike
0-1: DOUBLE (Groundball, 5L)
Batting: RHB Jaime Hernández 0-0: Ball
1-0: Ball
2-0: Called Strike
2-1: SINGLE (Groundball, 6MD)
Horace Kramer to third
Runner from 3rd tries for Home, SAFE, no throw
Batting: RHB John Robertson 0-0: Ball
1-0: Called Strike
1-1: Foul Ball, location: 2F
1-2: Strikes out looking
Top of the 6th over - 2 run(s), 3 hit(s), 0 error(s), 1 left on base; Little Rock 8 - Manhatten 6
BOTTOM OF THE 6TH
Manhatten Meatheads batting - Pitching for Little Rock Lemmiwinks : LHP Alfonso Viera
Batting: LHB Eric Dillard 0-0: Ball
1-0: Ball
2-0: Swinging Strike
2-1: Ball
3-1: Foul Ball, location: 2F
3-2: Foul Ball, location: 2F
3-2: Strikes out swinging
Batting: RHB Tim Bonner 0-0: Foul Ball, location: 2F
0-1: Ball
1-1: SINGLE (Line Drive, 6MD)
Batting: SHB León Glaviz 0-0: Called Strike
0-1: Ball
1-1: Ball
2-1: Ball
3-1: Called Strike
3-2: Strikes out swinging
Batting: RHB Luis Reynoso 0-0: Ball
1-0: Called Strike
Tim Bonner is caught stealing 2nd base
Bottom of the 6th over - 0 run(s), 1 hit(s), 0 error(s), 0 left on base; Little Rock 8 - Manhatten 6
TOP OF THE 7TH
Little Rock Lemmiwinks batting - Pitching for Manhatten Meatheads : LHP Bernard Zuccarello
Batting: RHB Roberto Valdéz 0-0: Called Strike
0-1: DOUBLE (Line Drive, 78M)
Batting: RHB Ánibal Soto 0-0: Fly out, F4 (Line Drive, 4)
Batting: LHB Pablo Alvarado 0-0: Ball
1-0: Ball
2-0: Called Strike
2-1: Foul Ball, location: 2F
2-2: Ball
3-2: Strikes out swinging
Batting: RHB Álex Martínez 0-0: Ball
1-0: Foul Ball, location: 2F
1-1: Ball
2-1: Called Strike
2-2: Fly out, F9 (Flyball, 9S)
Top of the 7th over - 0 run(s), 1 hit(s), 0 error(s), 1 left on base; Little Rock 8 - Manhatten 6
BOTTOM OF THE 7TH
Manhatten Meatheads batting - Pitching for Little Rock Lemmiwinks : LHP Alfonso Viera
Pitching: LHP José Ávila
Batting: RHB Luis Reynoso 0-0: Called Strike
0-1: Ball
1-1: Swinging Strike
1-2: Ball
2-2: Foul Ball, location: 2F
2-2: Strikes out swinging
Batting: LHB Manuel Ortega 0-0: Ball
1-0: Swinging Strike
1-1: Ball
2-1: Called Strike
2-2: Foul Ball, location: 2F
2-2: Strikes out looking
Batting: LHB Hidalgo García 0-0: Ball
1-0: Called Strike
1-1: Foul Ball, location: 2F
1-2: Fly out, F8 (Flyball, 8RM)
Bottom of the 7th over - 0 run(s), 0 hit(s), 0 error(s), 0 left on base; Little Rock 8 - Manhatten 6
TOP OF THE 8TH
Little Rock Lemmiwinks batting - Pitching for Manhatten Meatheads : LHP Bernard Zuccarello
Batting: LHB Francisco Gonzáles 0-0: Ball
1-0: Called Strike
1-1: Foul Ball, location: 2F
1-2: Strikes out swinging
Batting: RHB Bill Bourland 0-0: Ball
1-0: Ground out 5-3 (Groundball, 56)
Batting: LHB Horace Kramer 0-0: Called Strike
0-1: Foul Ball, location: 2F
0-2: Ball
1-2: Strikes out swinging
Top of the 8th over - 0 run(s), 0 hit(s), 0 error(s), 0 left on base; Little Rock 8 - Manhatten 6
BOTTOM OF THE 8TH
Manhatten Meatheads batting - Pitching for Little Rock Lemmiwinks : LHP José Ávila
Batting: RHB George Green 0-0: Called Strike
0-1: Ball
1-1: Ball
2-1: Called Strike
2-2: SINGLE (Line Drive, 8RS)
Batting: LHB Brent Haynes 0-0: Ball
1-0: Foul Ball, location: 2F
1-1: Ball
2-1: Foul Ball, location: 2F
2-2: Foul Ball, location: 2F
2-2: Ball
3-2: Foul Ball, location: 2F
3-2: Fly out, F7 (Flyball, 78S)
Pitching: RHP Ignacio Medina
Batting: RHB José Esparza 0-0: Swinging Strike
0-1: Foul Ball, location: 2F
0-2: Foul Ball, location: 2F
0-2: Foul Ball, location: 2F
0-2: Strikes out swinging
Batting: LHB Eric Dillard 0-0: Called Strike
0-1: Fly out, F6 (Line Drive, 6)
Bottom of the 8th over - 0 run(s), 1 hit(s), 0 error(s), 1 left on base; Little Rock 8 - Manhatten 6
TOP OF THE 9TH
Little Rock Lemmiwinks batting - Pitching for Manhatten Meatheads : LHP Bernard Zuccarello
Batting: RHB Jaime Hernández 0-0: Ball
1-0: Swinging Strike
1-1: Ball
2-1: Foul Ball, location: 2F
2-2: Ball
3-2: Foul Ball, location: 2F
3-2: Base on Balls
Batting: RHB John Robertson 0-0: Ball
1-0: Ball
2-0: Called Strike
2-1: Foul Ball, location: 2F
2-2: Foul Ball, location: 2F
2-2: Ball
3-2: Strikes out swinging
Batting: RHB Roberto Valdéz 0-0: Ball
1-0: Ball
2-0: Foul Ball, location: 2F
2-1: Foul Ball, location: 2F
2-2: SINGLE (Flyball, 7LS)
Jaime Hernández to second
Batting: RHB Ánibal Soto 0-0: Foul Ball, location: 2F
0-1: Foul Ball, location: 2F
0-2: Strikes out swinging
Batting: LHB Pablo Alvarado 0-0: Ball
1-0: Ball
2-0: Called Strike
2-1: Ball
3-1: Base on Balls
Jaime Hernández to third
Roberto Valdéz to second
Pitching: RHP Carlos Montés
Pinch Hitting: SHB Darrel Lang 0-0: Ball
1-0: Fly out, F6 (Line Drive, 6)
Top of the 9th over - 0 run(s), 1 hit(s), 0 error(s), 3 left on base; Little Rock 8 - Manhatten 6
BOTTOM OF THE 9TH
Manhatten Meatheads batting - Pitching for Little Rock Lemmiwinks : RHP Ignacio Medina
Pitching: RHP José Peńa
Now at 2B: Ernesto Villa
Now in LF: Claudio Palácios
Batting: RHB Tim Bonner 0-0: Called Strike
0-1: Foul Ball, location: 2F
0-2: Strikes out swinging
Batting: SHB León Glaviz 0-0: Ball
1-0: Ball
2-0: Called Strike
2-1: Ball
3-1: Base on Balls
Batting: RHB Luis Reynoso 0-0: Fly out, F5 (Line Drive, 56)
Batting: LHB Manuel Ortega 0-0: Called Strike
0-1: Foul Ball, location: 2F
0-2: Strikes out looking
Bottom of the 9th over - 0 run(s), 0 hit(s), 0 error(s), 1 left on base; Little Rock 8 - Manhatten 6
Tuesday, August 8th, 2017 - OOTP Baseball 17.12 Build 75